 Dungeon Sprint DCSS version 0.27-a0-1140-g099f9bb0e8 (webtiles) character file.

Game seed: 3879555910685864746

1360 Zeld the Zephyrmancer (level 8, -13/60 HPs)
             Began as an Octopode Air Elementalist on May 9, 2021.
             Was a High Priest of Sif Muna.
             Shot with a bolt by a yaktaur captain (26 damage)
             ... in the Dungeon (Sprint V: "Ziggurat Sprint").
             The game lasted 00:03:39 (1909 turns).

Zeld the Zephyrmancer (Octopode Air Elementalist)   Turns: 1909, Time: 00:03:40

Health: -13/60     AC:  1    Str:  8    XL:     8   Next: 64%
Magic:  15/20      EV: 15    Int: 37    God:    Sif Muna [*****.]
Gold:   0          SH:  0    Dex: 12    Spells: 11/23 levels left

rFire    . . .     SeeInvis .   (no weapon)
rCold    . . .     Faith    .   (no shield)
rNeg     . . .     Spirit   .   (helmet restricted)
rPois    .         Reflect  .   z - amulet of regeneration
rElec    .         Harm     .   u - +6 ring of intelligence
rCorr    .         Rampage  .   t - +6 ring of intelligence
Will     +....     NoTele   +   w - ring of willpower
Stlth    +++.......             y - +6 ring of intelligence
HPRegen  1.20/turn              (no ring)
MPRegen  0.17/turn              (no ring)
                                (no ring)
                                (no ring)

@: no status effects
A: almost no armour, amphibious, 8 rings, camouflage 1, gelatinous body 1,
(nimble swimmer 1), tentacles
a: Renounce Religion, Channel Magic, Forget Spell, Divine Exegesis


You were in the Dungeon.
You worshipped Sif Muna.
Sif Muna was extremely pleased with you.
You visited 1 branch

Inventory:

Armour
 a - a +3 tower shield
Jewellery
 t - a +6 ring of intelligence (right tentacle)
 u - a +6 ring of intelligence (left tentacle)
 w - a ring of willpower (on tentacle)
 y - a +6 ring of intelligence (on tentacle)
 z - an amulet of regeneration (around mantle)
Wands
 p - a wand of mindburst (7)
 r - a wand of iceblast (2)
 s - a wand of acid (7)
Scrolls
 g - a scroll of blinking
 h - 4 scrolls of amnesia
 i - 7 scrolls of fog
 j - a scroll of holy word
 k - 5 scrolls of identify
 l - 2 scrolls of fear
Potions
 b - 6 potions of curing
 c - 10 potions of heal wounds
 d - 6 potions of haste
 e - 7 potions of magic
 f - 3 potions of berserk rage
 m - 2 potions of brilliance
 n - 2 potions of invisibility
 o - 4 potions of resistance
 q - 5 potions of might
Miscellaneous
 v - a lightning rod (4/4)
 x - a tin of tremorstones (2/2)
 A - a condenser vane
 B - a tin of tremorstones (2/2)
 C - a condenser vane
 D - a condenser vane


   Skills:
 + Level 7.1 Fighting
 + Level 7.5 Dodging
 - Level 2.6 Stealth
 + Level 8.0 Spellcasting
 - Level 1.0 Conjurations
 * Level 11.9 Air Magic
 * Level 7.1 Invocations


You had 11 spell levels left.
You knew the following spells:

 Your Spells              Type           Power      Damage    Failure   Level
a - Shock                 Conj/Air       100%       1d9       1%          1
b - Static Discharge      Conj/Air       58%        N/A       1%          2
c - Airstrike             Air            40%        N/A       1%          4
d - Lightning Bolt        Conj/Air       29%        1d45      4%          5

Your spell library contained the following spells:

 Spells                   Type           Power      Damage    Failure   Level
 Corpse Rot               Necr/Air       N/A        N/A       1%          2
 Swiftness                Air            80%        N/A       1%          3
 Foxfire                  Conj/Fire      72%        2x1d7     2%          1
 Sandblast                Erth           28%        2d8       2%          1
 Blink                    Tloc           N/A        N/A       4%          2
 Stone Arrow              Conj/Erth      36%        3d9       6%          3
 Gell's Gravitas          Tloc           7%         N/A       8%          3
 Cause Fear               Hex            7%         N/A       26%         4
 Hydra Form               Tmut           7%         N/A       58%         5
 Summon Forest            Summ/Tloc      7%         N/A       58%         5
 Dispersal                Tloc           7%         N/A       99%         6
 Eringya's Noxious Bog    Tmut/Pois      7%         N/A       99%         6
 Statue Form              Tmut/Erth      9%         N/A       99%         6
 Dragon Form              Tmut           7%         N/A       100%        7
 Summon Hydra             Summ           7%         N/A       100%        7
 Dragon's Call            Summ           7%         N/A       100%        9


Dungeon Overview and Level Annotations

Branches:
Dungeon (1/1)

Altars:
Ashenzari
Cheibriados
Dithmenos
Elyvilon
Fedhas
Gozag
Hepliaklqana
Kikubaaqudgha
Makhleb
Nemelex Xobeh
Okawaru
Qazlal
Ru
Sif Muna
Trog
Uskayaw
Vehumet
Wu Jian
Xom
Yredelemnul
Zin
The Shining One
Beogh
Jiyva
Lugonu


Innate Abilities, Weirdness & Mutations

You cannot wear most types of armour.
You are amphibious.
You can wear up to eight rings at the same time.
Your skin changes colour to match your surroundings (Stealth+).
Your rubbery body absorbs attacks. (AC +1, EV +1)
((You are camouflaged near water. (Stealth+)))
You have tentacles for arms and can constrict up to eight enemies at once.


Message History

The bolt of lightning misses the vault guard.
The bolt of lightning hits the yaktaur captain!!
The yaktaur captain is moderately wounded.
Unknown command.
Okay, then.
Unknown command.
Casting: Lightning Bolt (dangerous; 4% risk of failure)
Confirm with . or Enter, or press ? or * to list all spells.
Aiming: Lightning Bolt (dangerous; 4% risk of failure)
Press: ? - help, Shift-Dir - straight line, f/p - yaktaur captain
Aim: a yaktaur captain, wielding a +0 arbalest and quivering bolts (moderately wounded, 88% to hit)
You hear a mighty clap of thunder!
The bolt of lightning hits the vault guard!!
The vault guard is almost dead.
The bolt of lightning hits the yaktaur captain!!
The yaktaur captain is heavily wounded.
Unknown command.
Unknown command.
Casting: Lightning Bolt (dangerous; 4% risk of failure)
Confirm with . or Enter, or press ? or * to list all spells.
Aiming: Lightning Bolt (dangerous; 4% risk of failure)
Press: ? - help, Shift-Dir - straight line, f/p - yaktaur captain
Aim: a yaktaur captain, wielding a +0 arbalest and quivering bolts (heavily wounded, 88% to hit)
You hear a mighty clap of thunder!
The bolt of lightning hits the vault guard.
The vault guard is almost dead.
The bolt of lightning hits the yaktaur captain!!
The yaktaur captain is almost dead.
The vault guard hits you from afar with a +2 bardiche!!
The vault warden misses you.
The vault guard hits you with a +0 great sword!
The vault sentinel blows a loud note on a signal horn!
The ironbound convoker hits you with a +0 mace!
* * * LOW HITPOINT WARNING * * *
Blink to where?
Press: ? - help, Dir - move target, p - yaktaur captain
As you read the scroll of blinking, it crumbles to dust.
You feel less invigorated.
The yaktaur captain shoots a bolt.
The bolt hits you!!
You die...

▓.......▓
▓...÷...▓
▓.......▓
▓.▓...▓.▓
▓...©...▓
▓▓▓▓▓▓▓▓▓
▓..8©8..▓
▓..})...▓
▓.."}=.@▓
▓.......▓
▓.......▓
▓....p..▓
▓..cppp.▓
▓.▓.p.▓.▓
▓...§...▓
▓▓▓▓▓▓▓▓▓


You could see a vault warden, a yaktaur captain, 2 vault guards, a vault
sentinel (catching breath) and an ironbound convoker.

Vanquished Creatures
  A cane toad (D)
  A golden eye (D)
  A yak (D)
  A naga (D)
  A water moccasin (D)
  A hell hound (D)
  2 ice beasts (D)
  A wolf (D)
  2 bullfrogs (D)
  A jelly (D)
  2 adders (D)
  2 river rats (D)
  2 white imps (D)
  An ufetubus (D)
  An adder simulacrum (D)
  A ball python (D)
  2 jackals (D)
  A quokka skeleton (D)
24 creatures vanquished.

Notes
Turn   | Place    | Note
-------+----------+-------------------------------------------
     0 | D        | Zeld the Octopode Air Elementalist began the quest for the
                  | Orb.
     0 | D        | Reached XP level 1. HP: 11/11 MP: 3/3
     2 | D        | Found a blossoming altar of Fedhas.
     3 | D        | Found the +6 Majin-Bo {vamp, MP+6 Int+6}
     3 | D        | Found the +9 heavy crossbow "Sniper" {vorpal, Acc+∞ SInv}
     3 | D        | Found the +10 dark maul {vorpal}
     3 | D        | Found the +15 Maxwell's patent armour {-Cast -Tele rElec
                  | Will+ rCorr}
     3 | D        | Found the +18 shield of the Gong {rElec rN+ Will+ EV-5}
     3 | D        | Found the +14 obsidian axe {vorpal, Drain Fly SInv}
     3 | D        | Found the +7 great mace "Firestarter" {inner flame, rF++}
     3 | D        | Found the +6 shillelagh "Devastator" {shatter}
     3 | D        | Found the +11 plutonium sword {Contam Stlth-}
     3 | D        | Found the +8 lance "Wyrmbane" {slay drac, rPois rF+ rC+
                  | AC+3}
     3 | D        | Found the +9 sword of Zonguldrok {reap}
     3 | D        | Found the +13 scythe of Curses {drain, Drain}
     3 | D        | Found the +5 sword of Power {vorpal}
     3 | D        | Found the +7 mace of Variability {chain chaos}
     3 | D        | Found the +7 Singing Sword {vorpal, sonic wave}
     3 | D        | Found the +8 storm bow {elec, penet}
     4 | D        | Found a viscous altar of Jiyva.
     4 | D        | Found a hazy altar of Hepliaklqana.
     4 | D        | Found a transporter.
     4 | D        | Found an opulent altar of Gozag.
     4 | D        | Found an ancient bone altar of Kikubaaqudgha.
     4 | D        | Found a corrupted altar of Lugonu.
    14 | D        | Found a burning altar of Makhleb.
    15 | D        | Found a sacrificial altar of Ru.
    15 | D        | Found a shimmering blue altar of Sif Muna.
    15 | D        | Found a stormy altar of Qazlal.
    15 | D        | Found a bloodstained altar of Trog.
    15 | D        | Found an iron altar of Okawaru.
    15 | D        | Found a sparkling altar of Nemelex Xobeh.
    19 | D        | Reached skill level 6 in Air Magic
    19 | D        | Reached XP level 2. HP: 17/17 MP: 4/7
    63 | D        | Became a worshipper of Sif Muna the Loreminder
    69 | D        | Learned a level 2 spell: Static Discharge
    82 | D        | Entered arena 2.
    82 | D        | Noticed a golden eye
    82 | D        | Found a transporter.
    90 | D        | Killed a golden eye
    91 | D        | Reached skill level 5 in Spellcasting
    91 | D        | Reached skill level 9 in Air Magic
    91 | D        | Reached XP level 3. HP: 27/27 MP: 8/10
    91 | D        | Reached XP level 4. HP: 33/33 MP: 8/11
    91 | D        | Reached XP level 5. HP: 37/37 MP: 9/13
    96 | D        | Learned a level 4 spell: Airstrike
   102 | D        | Learned a level 5 spell: Lightning Bolt
   265 | D        | Entered arena 3.
   265 | D        | Noticed a hell hound
   265 | D        | Found a transporter.
   267 | D        | Reached * piety under Sif Muna
   269 | D        | Killed a hell hound
   270 | D        | Reached skill level 5 in Dodging
   270 | D        | Reached XP level 6. HP: 20/44 MP: 3/15
   600 | D        | Entered arena 4.
   600 | D        | Found a transporter.
   601 | D        | Reached ** piety under Sif Muna
   609 | D        | Reached skill level 5 in Fighting
   609 | D        | Reached skill level 10 in Air Magic
   759 | D        | Entered arena 5.
   759 | D        | Noticed a naga
   759 | D        | Found a transporter.
   761 | D        | Reached *** piety under Sif Muna
   761 | D        | Killed a naga
   762 | D        | Reached XP level 7. HP: 41/50 MP: 5/17
  1490 | D        | Entered arena 6.
  1490 | D        | Found a transporter.
  1492 | D        | Reached **** piety under Sif Muna
  1494 | D        | Reached skill level 11 in Air Magic
  1681 | D        | Entered arena 7.
  1681 | D        | Noticed a yak
  1681 | D        | Noticed a cane toad
  1686 | D        | Found a transporter.
  1688 | D        | Reached ***** piety under Sif Muna
  1688 | D        | Received a gift from Sif Muna
  1689 | D        | Reached skill level 5 in Invocations
  1689 | D        | Killed a cane toad
  1690 | D        | Reached XP level 8. HP: 37/58 MP: 1/19
  1690 | D        | Killed a yak
  1694 | D        | Got the Almanac of Earth and Dislocation
  1902 | D        | Entered arena 8.
  1902 | D        | Noticed an ironbound convoker
  1902 | D        | Noticed a vault guard
  1902 | D        | Noticed a vault sentinel
  1902 | D        | Noticed a yaktaur captain
  1902 | D        | Noticed a vault guard
  1902 | D        | Noticed a vault warden
  1909 | D        | Found a transporter.
  1909 | D        | Shot with a bolt by a yaktaur captain

Illustrated notes

Levels and vault maps discovered:
D:        sprint_v [room_start, room_1, room_2, room_3, room_4, room_5, room_6,
          room_7, room_8, room_9, room_10, room_11, room_12, room_13, room_14,
          room_15, room_16, room_17, room_18, room_19, room_20, room_21,
          room_22, room_23, room_24, room_25, room_26, room_27]

Skill      XL: |  1  2  3  4  5  6  7  8 |
---------------+-------------------------+-----
Spellcasting   | 4 5 6 7 8 |  8.0
Air Magic      | 6 9 10 11 | 11.9
Fighting       | 3 4 5 6 7 |  7.1
Dodging        | 4 5 6 7 |  7.5
Invocations    | 2 6 7 |  7.1
Stealth        | |  2.6
Conjurations   | |  1.0

Action                   |  1- 3 |  4- 6 |  7- 9 || total
-------------------------+-------+-------+-------++-------
Melee: Unarmed           |       |    14 |    10 ||    24
       Constrict         |       |     3 |     2 ||     5
       Tentacles         |       |     2 |     1 ||     3
 Cast: Lightning Bolt    |       |     7 |    11 ||    18
       Shock             |       |     1 |     1 ||     2
       Static Discharge  |       |     1 |     1 ||     2
Invok: Channel Magic     |       |       |     1 ||     1
Evoke: Wand              |     2 |     2 |     1 ||     5
       Lightning rod     |       |       |     4 ||     4
  Use: Potion            |     5 |       |       ||     5
       Scroll            |     1 |       |     2 ||     3
Armor: Skin              |       |     2 |     1 ||     3
Dodge: Dodged            |     2 |    33 |    22 ||    57

Table legend: (Time is in decaauts)
 A = Elapsed time spent in this place.
 B = Non-inter-level travel time spent in this place.
 C = Inter-level travel time spent in this place.
 D = Time resting spent in this place.
 E = Time spent auto-exploring this place.
 F = Levels seen in this place.
 G = Mean time per level.
                   A        B        C        D        E       F      G
               +--------+--------+--------+--------+--------+-----+--------+
         Total |   1907 |   1907 |      0 |   1674 |     48 |   1 | 1907.0 |
       Dungeon |   1907 |   1907 |      0 |   1674 |     48 |   1 | 1907.0 |
               +--------+--------+--------+--------+--------+-----+--------+

Top non-repeatable levels by time:
       D: 1907 daAuts
